 Dungeon Crawl Stone Soup version 0.23.2-1-ga50397a6bc (webtiles) character file.

Game seed: 17979027206742375760

1313 Mrkan the Grappler (level 8, -2/81 HPs)
             Began as a Troll Monk on May 18, 2019.
             Was a Follower of Ru.
             Slain by an orc warrior
             ... wielding a +0 short sword
              (13 damage)
             ... on level 5 of the Dungeon.
             The game lasted 00:04:54 (2567 turns).

Mrkan the Grappler (Troll Monk)                     Turns: 2567, Time: 00:04:54

Health: -2/81      AC:  8    Str: 20    XL:     8   Next: 32%
Magic:  7/7        EV:  9    Int:  8    God:    Ru [*.....]
Gold:   280        SH:  0    Dex: 12    Spells: 7/7 levels left

rFire    . . .     SeeInvis .     - Unarmed
rCold    . . .     Gourm    +   (no shield)
rNeg     . . .     Faith    .   v - +2 robe
rPois    .         Spirit   .   (helmet restricted)
rElec    .         Reflect  .   (no cloak)
rCorr    .         Harm     .   (gloves unavailable)
MR       .....                  (boots unavailable)
Stlth    ++........             (no amulet)
HPRegen  0.63/turn              (no ring)
MPRegen  0.10/turn              (no ring)

@: no status effects
A: large, unfitting armour, claws 3, fast metabolism 3, gourmand, regeneration
1, shaggy fur 1, tough skin 3, inability to train dodging
a: Renounce Religion


You were on level 5 of the Dungeon.
You worshipped Ru.
Ru was aware of your devotion.
You were near starving.

You visited 1 branch of the dungeon, and saw 7 of its levels.

You collected 280 gold pieces.

Inventory:

Hand Weapons
 u - a +2 whip of flaming
Armour
 a - a +0 robe
 v - a +2 robe (worn)
Jewellery
 j - an uncursed ring of protection from cold {unknown}
 n - an uncursed ring of magical power {unknown}
 o - an uncursed ring of magical power {unknown}
 r - an uncursed ring of wizardry {unknown}
 s - an uncursed ring of wizardry {unknown}
Wands
 m - a wand of digging (6)
Scrolls
 c - a scroll of enchant armour {unknown}
 d - a scroll of fear {unknown}
 e - 5 scrolls of remove curse {unknown}
 f - 4 scrolls of teleportation {unknown}
 g - 2 scrolls of enchant weapon {unknown}
 h - a scroll of amnesia {unknown}
 i - 4 scrolls of identify {unknown}
 l - a scroll of blinking {unknown}
 t - a scroll of magic mapping {unknown}
Potions
 k - a potion of flight {unknown}
 p - 2 potions of lignification {unknown}
 q - a potion of heal wounds {unknown}
 w - a potion of resistance {unknown}
 x - a potion of curing {unknown}
Comestibles
 b - 9 rations


   Skills:
 + Level 5.4 Fighting
 - Level 1.0 Stealth
 * Level 8.9 Unarmed Combat


You had 7 spell levels left.
You didn't know any spells.
Your spell library contained the following spells:

 Spells                   Type           Power        Failure   Level  Hunger
 Magic Dart               Conj           #...         41%         1    ##.....
 Blink                    Tloc           N/A          54%         2    ###....
 Call Imp                 Summ           #.......     54%         2    ###....
 Slow                     Hex            #.......     54%         2    ###....
 Conjure Flame            Conj/Fire      #.......     78%         3    ####...
 Mephitic Cloud           Conj/Pois/Air  #.......     78%         3    ####...


Dungeon Overview and Level Annotations

Branches:
Dungeon (7/15)
 Temple: D:4-7

Altars:
Ru


Innate Abilities, Weirdness & Mutations

You are too large for most types of armour.
You have claws for hands.
Your metabolism is lightning-fast.
You like to eat raw meat.
Your natural rate of healing is unusually fast.
You are covered in fur. (AC +1)
You have extremely tough skin. (AC +3)
You cannot train Dodging skill.


Message History

The orc warrior hits you with a +0 short sword!
You claw the orc warrior! Your claw misses the orc warrior.
The orc warrior is almost dead.
The orc warrior barely misses you.
You closely miss the orc warrior.
The orc warrior is almost dead.
You scratch the orc warrior but do no damage.
The orc warrior is almost dead.
The orc warrior hits you with a +0 short sword.
You closely miss the orc warrior.
The orc warrior is almost dead.
The orc warrior hits you with a +0 short sword.
You barely miss the orc warrior.
The orc warrior is almost dead.
The orc warrior hits you with a +0 short sword!!
* * * LOW HITPOINT WARNING * * *
You closely miss the orc warrior.
The orc warrior is almost dead.
The orc warrior hits you with a +0 short sword!
You die...

##################........
......##......#............
......###.###.#.###........
....>......................
........#####(#.#..........
........+.....#.#..<.......
........####..#.#..#.......
....{Z...#....#.####.......
###.####{#.#....@o.........
#.# #Z#.###.####........
#.# #.#.###.# #........
###.####.#.....####........
...........................
####.####.####.####....###.
#.# #.##.....##..... .# #.#
#.#...)...#...... .# ..#
#..#.......#...


You could see an orc warrior.

Vanquished Creatures
  Pikel (D:7)
  Sigmund (D:5)
  An ogre (D:5)
  A big kobold (D:7)
  A water moccasin zombie (D:4)
  A bullfrog zombie (D:7)
  A quasit (D:5)
  3 orc priests
  A centaur skeleton (D:6)
  A jelly (D:7)
  An orc wizard (D:4)
  3 worker ants
  6 adders
  An ooze (D:3)
  3 adder skeletons
  An adder zombie (D:7)
  4 worms
  A dart slug (D:1)
  3 leopard geckos
  11 orcs
  6 giant cockroaches
  4 goblins
  2 hobgoblins
  13 jackals
  15 kobolds
  A quokka (D:3)
  8 bats
  6 frilled lizards
  A leopard gecko zombie (D:5)
  12 rats
114 creatures vanquished.

Notes
Turn   | Place    | Note
-------+----------+-------------------------------------------
     0 | D:1      | Mrkan the Troll Monk began the quest for the Orb.
     0 | D:1      | Reached XP level 1. HP: 22/22 MP: 0/0
   215 | D:1      | Reached XP level 2. HP: 29/29 MP: 1/1
   719 | D:2      | Reached XP level 3. HP: 36/36 MP: 2/2
   792 | D:2      | Reached skill level 4 in Unarmed Combat
  1224 | D:3      | Reached XP level 4. HP: 45/45 MP: 3/3
  1620 | D:3      | Reached skill level 5 in Unarmed Combat
  1620 | D:3      | Reached XP level 5. HP: 16/53 MP: 4/4
  2077 | D:4      | Reached XP level 6. HP: 49/62 MP: 5/5
  2082 | D:4      | Reached skill level 6 in Unarmed Combat
  2083 | D:4      | You fall through a shaft for 3 floors!
  2172 | D:7      | Noticed Pikel
  2172 | D:7      | Noticed a slave
  2172 | D:7      | Noticed a slave
  2173 | D:7      | Noticed a slave
  2176 | D:7      | Noticed a slave
  2186 | D:7      | Killed Pikel
  2186 | D:7      | Reached skill level 8 in Unarmed Combat
  2186 | D:7      | Reached XP level 7. HP: 23/71 MP: 6/6
  2248 | D:6      | Reached skill level 5 in Fighting
  2278 | D:5      | Entered Level 5 of the Dungeon
  2293 | D:5      | Reached XP level 8. HP: 78/80 MP: 7/7
  2453 | D:5      | Noticed Sigmund
  2473 | D:5      | Found a sacrificial altar of Ru.
  2480 | D:5      | Became a worshipper of Ru the Awakened
  2491 | D:5      | Killed Sigmund
  2503 | D:5      | Gained mutation: You cannot train Dodging skill. [Ru
                  | sacrifice]
  2503 | D:5      | Reached * piety under Ru
  2567 | D:5      | Slain by an orc warrior

Skill      XL: |  1  2  3  4  5  6  7  8 |
---------------+-------------------------+-----
Unarmed Combat | 4 5 8 |  8.9
Fighting       | 3 4 5 |  5.4
Dodging        | 0 |  0.0
Stealth        | |  1.0

Action                   |  1- 3 |  4- 6 |  7- 9 || total
-------------------------+-------+-------+-------++-------
Melee: Unarmed           |   120 |   162 |    61 ||   343
       Punch             |     1 |     3 |     4 ||     8
Invok: Sacrifice Nimblen |       |       |     1 ||     1
 Stab: Sleeping          |     1 |     2 |     1 ||     4
  Eat: Chunk             |     8 |    10 |     1 ||    19
Armor: Robe              |    55 |    66 |    26 ||   147
Dodge: Dodged            |    75 |    95 |    29 ||   199
